| TOP OF THE 1ST |
|
Tacoma Rainiers batting - Pitching for Scranton WB RailRiders : RHP Jason Sterner
|
|
Pitching: RHP Jason Sterner
|
|
|
Batting: LHB Addisu Nyamekye
|
0-0: Ball 1-0: Swinging Strike 1-1: Ball 2-1: Ground out 4-3 (Groundball, 4, EV 95.0 MPH)
|
|
Batting: SHB Isaiah Cherry
|
0-0: Ball 1-0: Ground out 5-3 (Groundball, 5, EV 102.5 MPH)
|
|
Batting: RHB Chris Skaff
|
0-0: Ball 1-0: Called Strike 1-1: Foul Ball, location: 2F 1-2: Ground out 4-3 (Groundball, 4, EV 83.1 MPH)
|
| Top of the 1st over - 0 runs, 0 hits, 0 errors, 0 left on base; Tacoma 0 - Scranton WB 0 |
| BOTTOM OF THE 1ST |
|
Scranton WB RailRiders batting - Pitching for Tacoma Rainiers : RHP Luis Castro
|
|
Pitching: RHP Luis Castro
|
|
|
Batting: SHB Jay Gagnon
|
0-0: Called Strike 0-1: Ball 1-1: Ball 2-1: Swinging Strike 2-2: Foul Ball, location: 2F 2-2: Strikes out swinging
|
|
Batting: RHB Andy Wasierski
|
0-0: Called Strike 0-1: Ground out 6-3 (Groundball, 6, EV 81.9 MPH)
|
|
Batting: LHB Aaron Joyner
|
0-0: Called Strike 0-1: Foul Ball, location: 2F 0-2: Ball 1-2: Foul Ball, location: 2F 1-2: DOUBLE (Line Drive, 89XD, EV 100.6 MPH)
|
|
Batting: RHB Devon Utley
|
0-0: Ball 1-0: Foul Ball, location: 2F 1-1: Called Strike 1-2: Ball 2-2: Foul Ball, location: 2F 2-2: Foul Ball, location: 2F 2-2: Strikes out swinging
|
| Bottom of the 1st over - 0 runs, 1 hit, 0 errors, 1 left on base; Tacoma 0 - Scranton WB 0 |
| TOP OF THE 2ND |
|
Tacoma Rainiers batting - Pitching for Scranton WB RailRiders : RHP Jason Sterner
|
|
Batting: LHB Ryan Lowe
|
0-0: Fly out, F7 (Flyball, 78M, EV 94.4 MPH)
|
|
Batting: LHB Josh Pittman
|
0-0: Ball 1-0: Called Strike 1-1: Foul Ball, location: 2F 1-2: Strikes out swinging
|
|
Batting: RHB Marco Diaz
|
0-0: Foul Ball, location: 2F 0-1: Ball 1-1: Called Strike 1-2: Fly out, F7 (Line Drive, 7S, EV 105.6 MPH)
|
| Top of the 2nd over - 0 runs, 0 hits, 0 errors, 0 left on base; Tacoma 0 - Scranton WB 0 |
| BOTTOM OF THE 2ND |
|
Scranton WB RailRiders batting - Pitching for Tacoma Rainiers : RHP Luis Castro
|
|
Batting: RHB Jerry Castro
|
0-0: Called Strike 0-1: Called Strike 0-2: Strikes out swinging
|
|
Pinch Hitting: SHB Victor Ruiz
|
0-0: SINGLE (Groundball, 34D, EV 103.1 MPH)
|
|
Batting: RHB Alfredo Rodriguez
|
0-0: Ball 1-0: Ball 2-0: Foul Ball, location: 2F 2-1: Called Strike 2-2: Foul Ball, location: 2F 2-2: Ball 3-2: Strikes out swinging
|
|
Batting: RHB Josh Zoglmann
|
0-0: Foul Ball, location: 2F 0-1: Ball 1-1: Ball 2-1: Foul Ball, location: 2F 2-2: Foul Ball, location: 2F 2-2: Foul Ball, location: 2F 2-2: Fly out, F8 (Flyball, 8RD, EV 89.4 MPH)
|
| Bottom of the 2nd over - 0 runs, 1 hit, 0 errors, 1 left on base; Tacoma 0 - Scranton WB 0 |
| TOP OF THE 3RD |
|
Tacoma Rainiers batting - Pitching for Scranton WB RailRiders : RHP Jason Sterner
|
|
Now in LF: Victor Ruiz
|
|
|
Batting: LHB Jawad Fahad
|
0-0: Called Strike 0-1: Called Strike 0-2: Ball 1-2: Ball 2-2: Strikes out swinging
|
|
Batting: RHB Lamberto Amicis
|
0-0: Called Strike 0-1: Ball 1-1: Swinging Strike 1-2: Foul Ball, location: 2F 1-2: Foul Ball, location: 2F 1-2: Strikes out swinging
|
|
Batting: LHB Matt Hepburn
|
0-0: Foul Ball, location: 2F 0-1: Ball 1-1: Ground out 5-3 (Groundball, 5, EV 84.4 MPH)
|
| Top of the 3rd over - 0 runs, 0 hits, 0 errors, 0 left on base; Tacoma 0 - Scranton WB 0 |
| BOTTOM OF THE 3RD |
|
Scranton WB RailRiders batting - Pitching for Tacoma Rainiers : RHP Luis Castro
|
|
Batting: RHB Mike Plugge
|
0-0: Called Strike 0-1: Ball 1-1: Fly out, F7 (Flyball, 7, EV 92.5 MPH)
|
|
Batting: SHB Jay Gagnon
|
0-0: Reached on error, E3 (Groundball, 3, EV 85.0 MPH)
|
|
Batting: RHB Andy Wasierski
|
0-0: Ball 1-0: Foul Ball, location: 2F 1-1: Ball 2-1: Ball 3-1: Base on Balls Jay Gagnon to second
|
|
Batting: LHB Aaron Joyner
|
0-0: Ball 1-0: Called Strike 1-1: 3-RUN HOME RUN (Flyball, 89XD, EV 100.0 MPH), Distance : 391 ft
|
|
Batting: RHB Devon Utley
|
0-0: Swinging Strike 0-1: Ball 1-1: Ball 2-1: Swinging Strike 2-2: Foul Ball, location: 2F 2-2: Foul Ball, location: 2F 2-2: SINGLE (Line Drive, 6M, EV 96.2 MPH)
|
|
Batting: RHB Jerry Castro
|
0-0: Ball 1-0: Called Strike Devon Utley steals 2nd base 1-1: Ground out 4-3 (Groundball, 4S, EV 76.2 MPH) Devon Utley to third
|
|
Batting: SHB Victor Ruiz
|
0-0: Ball 1-0: Ball 2-0: Ball 3-0: Called Strike 3-1: Called Strike 3-2: Strikes out swinging, 2-3 out at first.
|
| Bottom of the 3rd over - 3 runs, 2 hits, 1 error, 1 left on base; Tacoma 0 - Scranton WB 3 |
| TOP OF THE 4TH |
|
Tacoma Rainiers batting - Pitching for Scranton WB RailRiders : RHP Jason Sterner
|
|
Batting: LHB Addisu Nyamekye
|
0-0: Called Strike 0-1: Ball 1-1: Called Strike 1-2: Ball 2-2: Foul Ball, location: 2F 2-2: Foul Ball, location: 2F 2-2: Foul Ball, location: 2F 2-2: Ball 3-2: Foul Ball, location: 2F 3-2: Ground out 6-3 (Groundball, 6, EV 80.6 MPH)
|
|
Batting: SHB Isaiah Cherry
|
0-0: Called Strike 0-1: Called Strike 0-2: Ball 1-2: Ball 2-2: Foul Ball, location: 2F 2-2: Foul Ball, location: 2F 2-2: Fly out, F7 (Flyball, 78M, EV 90.6 MPH)
|
|
Batting: RHB Chris Skaff
|
0-0: Swinging Strike 0-1: Foul Ball, location: 2F 0-2: Ball 1-2: Ball 2-2: Ball 3-2: Foul Ball, location: 2F 3-2: Foul Ball, location: 2F 3-2: Ground out 6-3 (Groundball, 6, EV 83.1 MPH)
|
| Top of the 4th over - 0 runs, 0 hits, 0 errors, 0 left on base; Tacoma 0 - Scranton WB 3 |
| BOTTOM OF THE 4TH |
|
Scranton WB RailRiders batting - Pitching for Tacoma Rainiers : RHP Luis Castro
|
|
Batting: RHB Alfredo Rodriguez
|
0-0: Ball 1-0: Ball 2-0: Ball 3-0: Called Strike 3-1: Foul Ball, location: 2F 3-2: Base on Balls
|
|
Batting: RHB Josh Zoglmann
|
0-0: Called Strike 0-1: Ball 1-1: Ball 2-1: Grounds into double play, 6-4-3 (Groundball, 6, EV 88.8 MPH)
|
|
Batting: RHB Mike Plugge
|
0-0: Ball 1-0: Swinging Strike 1-1: Ball 2-1: Foul Ball, location: 2F 2-2: Foul Ball, location: 2F 2-2: Ball 3-2: Strikes out swinging
|
| Bottom of the 4th over - 0 runs, 0 hits, 0 errors, 0 left on base; Tacoma 0 - Scranton WB 3 |
| TOP OF THE 5TH |
|
Tacoma Rainiers batting - Pitching for Scranton WB RailRiders : RHP Jason Sterner
|
|
Batting: LHB Ryan Lowe
|
0-0: Ball 1-0: Fly out, F9 (Flyball, 9S, EV 88.1 MPH)
|
|
Batting: LHB Josh Pittman
|
0-0: Ball 1-0: SINGLE (Flyball, 78S, EV 91.9 MPH)
|
|
Batting: RHB Marco Diaz
|
0-0: Ball 1-0: Ball 2-0: Fielders Choice at 2nd, 3-6 (Groundball, 34S, EV 90.0 MPH)
|
|
Batting: LHB Jawad Fahad
|
0-0: Ball 1-0: Ball 2-0: Foul Ball, location: 2F 2-1: Swinging Strike 2-2: Fly out, F7 (Flyball, 78S, EV 86.9 MPH)
|
| Top of the 5th over - 0 runs, 1 hit, 0 errors, 1 left on base; Tacoma 0 - Scranton WB 3 |
| BOTTOM OF THE 5TH |
|
Scranton WB RailRiders batting - Pitching for Tacoma Rainiers : RHP Luis Castro
|
|
Batting: SHB Jay Gagnon
|
0-0: Ball 1-0: Called Strike 1-1: Swinging Strike 1-2: Strikes out looking
|
|
Batting: RHB Andy Wasierski
|
0-0: Foul Ball, location: 2F 0-1: Ball 1-1: Ball 2-1: Called Strike 2-2: Foul Ball, location: 2F 2-2: Strikes out swinging
|
|
Batting: LHB Aaron Joyner
|
0-0: Ball 1-0: Ball 2-0: Called Strike 2-1: Foul Ball, location: 2F 2-2: Ball 3-2: Foul Ball, location: 2F 3-2: Fly out, F8 (Line Drive, 8LD, EV 93.8 MPH)
|
| Bottom of the 5th over - 0 runs, 0 hits, 0 errors, 0 left on base; Tacoma 0 - Scranton WB 3 |
| TOP OF THE 6TH |
|
Tacoma Rainiers batting - Pitching for Scranton WB RailRiders : RHP Jason Sterner
|
|
Batting: RHB Lamberto Amicis
|
0-0: Foul Ball, location: 2F 0-1: Ball 1-1: Foul Ball, location: 2F 1-2: Ground out 6-3 (Groundball, 6, EV 86.2 MPH)
|
|
Batting: LHB Matt Hepburn
|
0-0: Ball 1-0: Ground out 6-3 (Groundball, P, EV 81.2 MPH)
|
|
Batting: LHB Addisu Nyamekye
|
0-0: Called Strike 0-1: Fly out, F9 (Flyball, 9S, EV 88.1 MPH)
|
| Top of the 6th over - 0 runs, 0 hits, 0 errors, 0 left on base; Tacoma 0 - Scranton WB 3 |
| BOTTOM OF THE 6TH |
|
Scranton WB RailRiders batting - Pitching for Tacoma Rainiers : RHP Luis Castro
|
|
Pitching: RHP Edwin Carrasco
|
|
|
Batting: RHB Devon Utley
|
0-0: Called Strike 0-1: Ball 1-1: Ball 2-1: Ball 3-1: Foul Ball, location: 2F 3-2: Foul Ball, location: 2F 3-2: Strikes out swinging
|
|
Batting: RHB Jerry Castro
|
0-0: Ball 1-0: DOUBLE (Line Drive, 7LM, EV 105.0 MPH)
|
|
Batting: SHB Victor Ruiz
|
0-0: Ball 1-0: Ball 2-0: Called Strike 2-1: Ball 3-1: Fly out, F7 (Flyball, 7D, EV 100.0 MPH) Runner from 2nd tags up, SAFE at 3rd, no throw by LF
|
|
Batting: RHB Alfredo Rodriguez
|
0-0: Ball 1-0: Ball 2-0: Ball 3-0: Base on Balls
|
|
Batting: RHB Josh Zoglmann
|
0-0: Ball 1-0: Ball 2-0: Ball 3-0: Called Strike 3-1: Called Strike 3-2: Base on Balls Alfredo Rodriguez to second
|
|
Batting: RHB Mike Plugge
|
0-0: Fielders Choice at 2nd, 6-4 (Groundball, 56, EV 86.2 MPH)
|
| Bottom of the 6th over - 0 runs, 1 hit, 0 errors, 3 left on base; Tacoma 0 - Scranton WB 3 |
| TOP OF THE 7TH |
|
Tacoma Rainiers batting - Pitching for Scranton WB RailRiders : RHP Jason Sterner
|
|
Batting: SHB Isaiah Cherry
|
0-0: Ball 1-0: DOUBLE (Groundball, 3L, EV 99.4 MPH)
|
|
Batting: RHB Chris Skaff
|
0-0: Swinging Strike 0-1: Ball 1-1: Called Strike Isaiah Cherry steals 3rd base 1-2: Foul Ball, location: 2F 1-2: Ball 2-2: Ball 3-2: Foul Ball, location: 2F 3-2: Foul Ball, location: 2F 3-2: Strikes out swinging
|
|
Batting: LHB Ryan Lowe
|
0-0: Ball 1-0: Called Strike 1-1: Called Strike 1-2: Fly out, F7 (Flyball, 78D, EV 103.8 MPH) Runner from 3rd tags up, SCORES, throw by LF
|
|
Batting: LHB Josh Pittman
|
0-0: Foul Ball, location: 2F 0-1: Ball 1-1: Ground out 4-3 (Groundball, 4, EV 80.0 MPH)
|
| Top of the 7th over - 1 run, 1 hit, 0 errors, 0 left on base; Tacoma 1 - Scranton WB 3 |
| BOTTOM OF THE 7TH |
|
Scranton WB RailRiders batting - Pitching for Tacoma Rainiers : RHP Edwin Carrasco
|
|
Pitching: RHP Mario Mata
|
|
|
Batting: SHB Jay Gagnon
|
0-0: Called Strike 0-1: Ball 1-1: Called Strike 1-2: Ball 2-2: Ball 3-2: Foul Ball, location: 2F 3-2: Base on Balls
|
|
Batting: RHB Andy Wasierski
|
0-0: Sac Bunt to 2R - play at first, batter OUT! 2-3 Jay Gagnon to second
|
|
Batting: LHB Aaron Joyner
|
0-0: Ball 1-0: Ball 2-0: Ball 3-0: Base on Balls
|
|
Batting: RHB Devon Utley
|
0-0: Ball 1-0: Ball 2-0: Fielders Choice at 2nd, 5-4 (Groundball, 56, EV 89.4 MPH) Jay Gagnon to third
|
|
Batting: RHB Jerry Castro
|
0-0: Called Strike 0-1: Ground out 4-3 (Groundball, 34S, EV 87.5 MPH)
|
| Bottom of the 7th over - 0 runs, 0 hits, 0 errors, 2 left on base; Tacoma 1 - Scranton WB 3 |
| TOP OF THE 8TH |
|
Tacoma Rainiers batting - Pitching for Scranton WB RailRiders : RHP Jason Sterner
|
|
Batting: RHB Marco Diaz
|
0-0: Ball 1-0: Foul Ball, location: 2F 1-1: Fly out, F9 (Flyball, 9LM, EV 88.8 MPH)
|
|
Pitching: RHP Soh Kawashima
|
|
|
Batting: LHB Jawad Fahad
|
0-0: Ball 1-0: Foul Ball, location: 2F 1-1: Ball 2-1: Ball 3-1: DOUBLE (Line Drive, 7LM, EV 106.2 MPH)
|
|
Pinch Runner at 2nd Zach Downs:
|
|
|
Batting: RHB Lamberto Amicis
|
0-0: Ball 1-0: Called Strike 1-1: Ground out 6-3 (Groundball, 6, EV 83.1 MPH)
|
|
Pinch Hitting: RHB Julian Gregory
|
0-0: Ball 1-0: Swinging Strike 1-1: Ball 2-1: Foul Ball, location: 2F 2-2: Foul Ball, location: 2F 2-2: Ground out 4-3 (Groundball, 4, EV 103.8 MPH)
|
| Top of the 8th over - 0 runs, 1 hit, 0 errors, 1 left on base; Tacoma 1 - Scranton WB 3 |
| BOTTOM OF THE 8TH |
|
Scranton WB RailRiders batting - Pitching for Tacoma Rainiers : RHP Mario Mata
|
|
Now in CF: Julian Gregory
|
|
|
Now in RF: Hideo Okimura
|
|
|
Batting: SHB Victor Ruiz
|
0-0: Ball 1-0: Fly out, F9 (Line Drive, 89M, EV 95.6 MPH)
|
|
Batting: RHB Alfredo Rodriguez
|
0-0: Foul Ball, location: 2F 0-1: Ball 1-1: SINGLE (Groundball, 56D, EV 103.8 MPH)
|
|
Batting: RHB Josh Zoglmann
|
0-0: Ball 1-0: Ball 2-0: Called Strike 2-1: Fielders Choice at 2nd, 6-4 (Groundball, 6, EV 86.2 MPH)
|
|
Batting: RHB Mike Plugge
|
0-0: Fly out, F7 (Line Drive, 7S, EV 96.2 MPH)
|
| Bottom of the 8th over - 0 runs, 1 hit, 0 errors, 1 left on base; Tacoma 1 - Scranton WB 3 |
| TOP OF THE 9TH |
|
Tacoma Rainiers batting - Pitching for Scranton WB RailRiders : RHP Soh Kawashima
|
|
Pitching: RHP Ricky Mercer
|
|
|
Now at 1B: Ryan Buchbinder
|
|
|
Batting: LHB Addisu Nyamekye
|
0-0: Called Strike 0-1: Ground out U3 (Groundball, 3L, EV 86.2 MPH)
|
|
Batting: SHB Isaiah Cherry
|
0-0: Ball 1-0: Ground out 5-3 (Groundball, 5, EV 100.0 MPH)
|
|
Batting: RHB Chris Skaff
|
0-0: Called Strike 0-1: Ball 1-1: Swinging Strike 1-2: Ball 2-2: Ground out 6-3 (Groundball, 4M, EV 88.1 MPH)
|
| Top of the 9th over - 0 runs, 0 hits, 0 errors, 0 left on base; Tacoma 1 - Scranton WB 3 |
|